 Dungeon Crawl Stone Soup version 0.27-a0-1202-ge72e49191c (webtiles) character file.

Game seed: 3289910161416003587

12009 robertstho the Zephyrmancer (level 11, -13/96 HPs)
             Began as a Tengu Air Elementalist on June 4, 2021.
             Was a Believer of Sif Muna.
             Mangled by Erolcha
             ... wielding a +0 giant club
              (14 damage)
             ... on level 10 of the Dungeon.
             The game lasted 00:25:14 (14591 turns).

robertstho the Zephyrmancer (TeAE)                 Turns: 14591, Time: 00:25:15

Health: -13/96     AC:  9    Str: 14    XL:     11   Next: 86%
Magic:  20/26      EV: 15    Int: 20    God:    Sif Muna [**....]
Gold:   445        SH:  0    Dex: 14    Spells: 16/31 levels left

rFire    x . .     SeeInvis .   x - +9 lajatang of Lies {holy, Str+6}
rCold    + . .     Faith    .   (shield currently unavailable)
rNeg     . . .     Spirit   .   r - +0 steam dragon scales
rPois    .         Reflect  .   (helmet restricted)
rElec    .         Harm     .   w - +0 cloak
rCorr    .         Rampage  .   u - +2 pair of gloves
Will     +....                  (boots unavailable)
Stlth    ..........             (no amulet)
HPRegen  0.26/turn              d - ring of ice
MPRegen  0.20/turn              h - ring of willpower

@: berserking, channeling, flying quickly and evasively, very quick
A: beak, talons 3, nimble flight
a: Renounce Religion, Channel Magic


You were on level 10 of the Dungeon.
You worshipped Sif Muna.
Sif Muna was pleased with you.
You visited 1 branch of the dungeon, and saw 10 of its levels.
You also visited: Sewer.

You collected 445 gold pieces.

Inventory:

Hand Weapons
 f - a +1 short sword of venom
 k - a +0 hand axe of electrocution
 l - a +6 flail of protection
 x - the +9 lajatang of Lies (weapon) {holy, Str+6}
   (You acquired it on level 8 of the Dungeon)

   It has been blessed by the Shining One to cause great damage to the undead
   and demons.
   It affects your strength (+6).
Missiles
 v - 5 curare-tipped darts
Armour
 a - a +0 robe
 r - +0 steam dragon scales (worn)
 u - a +2 pair of gloves (worn)
 w - a +0 cloak (worn)
Jewellery
 d - a ring of ice (left hand)
 h - a ring of willpower (right hand)
Wands
 o - a wand of flame (28)
 p - a wand of digging (9)
Scrolls
 i - 2 scrolls of enchant weapon
 q - a scroll of silence
 s - 2 scrolls of magic mapping
 A - a scroll of brand weapon
Potions
 b - 2 potions of lignification {unknown}
 c - a potion of brilliance {unknown}
 e - 4 potions of curing
 g - a potion of magic {unknown}
 j - a potion of resistance {unknown}
 m - 2 potions of haste {unknown}
 n - a potion of attraction
 t - 2 potions of berserk rage


   Skills:
 * Level 5.3 Fighting
 + Level 0.1 Short Blades
 + Level 0.6 Axes
 + Level 2.8 Dodging
 + Level 2.7 Stealth
 * Level 10.7 Spellcasting
 * Level 8.7 Conjurations
 * Level 14.0 Air Magic
 * Level 3.5 Invocations
 + Level 0.2 Evocations


You had 16 spell levels left.
You knew the following spells:

 Your Spells              Type           Power      Damage    Failure   Level
a - Shock                 Conj/Air       100%       1d9       1%          1
b - Static Discharge      Conj/Air       54%        N/A       1%          2
c - Swiftness             Air            61%        N/A       1%          3
d - Airstrike             Air            30%        N/A       1%          4
e - Lightning Bolt        Conj/Air       27%        1d43      1%          5

Your spell library contained the following spells:

 Spells                   Type           Power      Damage    Failure   Level
 Foxfire                  Conj/Fire      100%       2x1d9     1%          1
 Conjure Flame            Conj/Fire      28%        6-21      3%          3
 Summon Small Mammal      Summ           40%        N/A       6%          1
 Ignite Poison            Fire/Tmut/Pois 10%        N/A       19%         3
 Fireball                 Conj/Fire      14%        3d8       30%         5
 Animate Armour           Summ/Erth      20%        N/A       54%         4
 Starburst                Conj/Fire      14%        8x6d6     86%         6
 Summon Forest            Summ/Tloc      5%         N/A       87%         5
 Ignition                 Fire           5%         3d4       100%        8


Dungeon Overview and Level Annotations

Branches:
Dungeon (10/15)            Temple (0/1) D:5           Sewer (visited)
   Lair: D:8-11         Orc: D:9-12

Altars:
Dithmenos
Elyvilon
Hepliaklqana
Nemelex Xobeh
Qazlal
Sif Muna
Vehumet
Wu Jian
Xom
Zin

Shops:
D:2 *

Annotations:
D:7 1 runed translucent door, deifeln's ghost, novice MiBe
D:10 Erolcha


Innate Abilities, Weirdness & Mutations

You have a beak for a mouth.
You have claws for feet.
Your magical nature lets you fly swiftly and evasively.


Message History

Sif Muna accepts your kill.
You feel less invigorated. Something hits you but does no damage.
Casting: Lightning Bolt (dangerous; 1% risk of failure)
Confirm with . or Enter, or press ? or * to list all spells.
Aiming: Airstrike (safe; 1% risk of failure)
Press: ? - help, Dir - move target, f - yak
Aim: a yak (almost dead)
The air twists around and strikes the yak!
You kill the yak!
Sif Muna accepts your kill. Something hits you.
Your Air Magic skill increases to level 14!
Okay, then.
You hit something. You claw something. Something hits you.
Something barely misses you.
Casting: Airstrike (safe; 1% risk of failure)
Confirm with . or Enter, or press ? or * to list all spells.
Aiming: Lightning Bolt (dangerous; 1% risk of failure)
Press: ? - help, Shift-Dir - straight line, f - yak
Aim: a yak (78% to hit)
You hear a mighty clap of thunder!
The bolt of lightning hits the yak!
The yak is moderately wounded.
Something barely misses you.
You fail to use your ability.
Something hits you!!
You fail to use your ability.
Something hits you!!
* * * LOW HITPOINT WARNING * * *
Something hits you.
* * * LOW HITPOINT WARNING * * *
You feel better. Something hits you!
* * * LOW HITPOINT WARNING * * *
The yak gores you.
* * * LOW HITPOINT WARNING * * *
A red film seems to cover your vision as you go berserk!
You feel yourself moving faster!
You feel mighty! Something barely misses you. The yak gores you!
* * * LOW HITPOINT WARNING * * *
Unknown command.
You slash something! You claw something! Something hits you!
You die...

#..........# *,,,,,*** ###
#....).....# *******#####.Y
#..........# ###Y...Y.
##........## ##.Y.#....
#..........# ##..##..###
#..........# #..###.##
#...[......# #.####.#
#..........######Y###..#
*,,.......@#...........##
**,......Y#.†.†.........###
****......#.................
*,,,........................
*,,,.......................#
*,,,...............(......##
****#######..........(....#
#..........).........#
#...................##


You could see a yak.

Vanquished Creatures
  Josephine (D:9)
  3 two-headed ogres
  Sonja (D:10)
  Maurice (D:9)
  Maggie (D:9)
  Grinder (D:5)
  A troll (D:9)
  4 wraiths
  14 yaks
  2 wyverns
  4 vampire mosquitoes (D:10)
  Edmund (D:4)
  2 water moccasins
  A hornet zombie (D:6)
  An ice beast (D:3)
  An orc warrior (D:9)
  A sky beast (D:6)
  3 necrophages (D:6)
  5 ogres
  A black bear (D:5)
  4 centaurs
  2 phantoms
  2 kobold brigands
  3 bullfrogs
  3 scorpions (D:6)
  9 killer bees
  4 howler monkeys
  8 wights
  An electric eel (D:6)
  3 centaur zombies
  Crazy Yiuf (D:5)
  6 orc priests
  A centaur skeleton (D:7)
  2 hounds (D:5)
  2 jellies
  3 bullfrog skeletons
  6 iguanas
  Ijyb (D:5)
  4 orc wizards
  2 howler monkey skeletons
  3 gnolls (D:5)
  8 adders
  A river rat (D:3)
  3 white imps
  2 ufetubi (D:5)
  An adder skeleton (D:4)
  6 worms
  2 dart slugs (D:1)
  14 orcs
  5 endoplasms
  8 giant cockroaches
  3 goblins
  11 hobgoblins
  7 jackals
  10 kobolds
  4 quokkas
  5 ball pythons
  4 bats
  10 frilled lizards
  8 rats
231 creatures vanquished.

Vanquished Creatures (others)
  A gnoll shaman (D:8)
  3 gnolls (D:8)
  8 plants (D:5)
12 creatures vanquished.

Grand Total: 243 creatures vanquished

Notes
Turn   | Place    | Note
-------+----------+-------------------------------------------
     0 | D:1      | robertstho the Tengu Air Elementalist began the quest for
                  | the Orb.
     0 | D:1      | Reached XP level 1. HP: 10/10 MP: 4/4
   372 | D:1      | Reached XP level 2. HP: 15/15 MP: 4/6
   375 | D:1      | Learned a level 2 spell: Static Discharge
   448 | D:1      | Found a faded altar of an unknown god.
   800 | D:1      | Reached XP level 3. HP: 4/19 MP: 5/7
  1500 | D:2      | Reached skill level 5 in Air Magic
  1704 | D:2      | Found Sopryar's General Store.
  2360 | D:2      | Learned a level 3 spell: Swiftness
  2587 | D:3      | Reached XP level 4. HP: 16/24 MP: 0/8
  2820 | D:3      | Found a glowing drain.
  2825 | Sewer    | Entered a sewer
  3237 | Sewer    | Gained mutation: Your magical nature lets you fly swiftly
                  | and evasively. [Tengu growth]
  3237 | Sewer    | Reached XP level 5. HP: 25/28 MP: 0/9
  3461 | Sewer    | Reached skill level 1 in Fighting
  3461 | Sewer    | Reached XP level 6. HP: 31/34 MP: 2/11
  3582 | D:3      | Learned a level 4 spell: Airstrike
  3713 | D:3      | Found an ornate altar of the Wu Jian Council.
  3746 | D:3      | Identified Sif Muna's Volume of Flames and Summoning
  4261 | D:3      | Noticed an ice beast
  4270 | D:3      | Killed an ice beast
  4271 | D:3      | Reached skill level 6 in Air Magic
  4433 | D:3      | Reached skill level 5 in Conjurations
  5016 | D:4      | Noticed Edmund
  5023 | D:4      | Killed Edmund
  5024 | D:4      | Reached XP level 7. HP: 20/39 MP: 1/14
  5673 | D:5      | Entered Level 5 of the Dungeon
  5700 | D:5      | Noticed Grinder
  5710 | D:5      | Paralysed by Grinder for 4 turns
  5716 | D:5      | Killed Grinder
  5717 | D:5      | Reached skill level 7 in Air Magic
  5717 | D:5      | Reached XP level 8. HP: 25/44 MP: 0/16
  5950 | D:5      | Reached skill level 5 in Spellcasting
  6599 | D:5      | Reached skill level 8 in Air Magic
  6599 | D:5      | Noticed Ijyb
  6916 | D:5      | Found a shimmering blue altar of Sif Muna.
  6920 | D:5      | Became a worshipper of Sif Muna the Loreminder
  6960 | D:5      | Found a staircase to the Ecumenical Temple.
  6963 | D:5      | Killed Ijyb
  7221 | D:5      | Found a runed translucent door.
  7222 | D:5      | Noticed Crazy Yiuf
  7227 | D:5      | Killed Crazy Yiuf
  7234 | D:5      | Learned a level 5 spell: Lightning Bolt
  7377 | D:6      | Found a stormy altar of Qazlal.
  7566 | D:6      | Reached skill level 9 in Air Magic
  7816 | D:6      | Reached XP level 9. HP: 50/50 MP: 10/19
  8531 | D:6      | Reached skill level 10 in Air Magic
  8921 | D:6      | Reached skill level 1 in Invocations
  9047 | D:6      | Reached * piety under Sif Muna
  9089 | D:6      | Found a white marble altar of Elyvilon.
  9093 | D:6      | You are sucked into a shaft and drop 1 floor!
  9114 | D:7      | Found a runed translucent door.
  9115 | D:7      | Noticed deifeln's ghost (novice MiBe)
 10421 | D:6      | Reached skill level 11 in Air Magic
 10421 | D:6      | Reached XP level 10. HP: 56/56 MP: 13/22
 10659 | D:8      | Noticed a two-headed ogre
 10668 | D:8      | HP: 1/56 [two-headed ogre/+0 giant club (7)]
 10669 | D:8      | Killed a two-headed ogre
 10673 | D:8      | Identified a scroll of acquirement
 10674 | D:8      | Acquired the +9 lajatang of Lies {holy, Str+6}
 11029 | D:8      | Found a glowing silver altar of Zin.
 11029 | D:8      | Found a shimmering altar of Xom.
 11029 | D:8      | Noticed an angel
 11913 | D:8      | Found a shadowy altar of Dithmenos.
 11914 | D:8      | Found a hazy altar of Hepliaklqana.
 12608 | D:9      | Reached skill level 12 in Air Magic
 12799 | D:9      | Noticed Maurice
 12806 | D:9      | Killed Maurice
 13027 | D:9      | Reached ** piety under Sif Muna
 13260 | D:9      | Reached XP level 11. HP: 62/62 MP: 1/25
 13610 | D:9      | Noticed Maggie
 13612 | D:9      | Killed Maggie
 13769 | D:9      | Found a radiant altar of Vehumet.
 13769 | D:9      | Found a sparkling altar of Nemelex Xobeh.
 13866 | D:10     | Entered Level 10 of the Dungeon
 13874 | D:10     | Noticed a two-headed ogre
 13878 | D:10     | Killed a two-headed ogre
 13879 | D:10     | Reached skill level 13 in Air Magic
 14004 | D:10     | Noticed a two-headed ogre
 14011 | D:10     | Reached skill level 5 in Fighting
 14178 | D:10     | Noticed Sonja
 14184 | D:10     | Killed Sonja
 14185 | D:10     | Reached skill level 10 in Spellcasting
 14198 | D:10     | Noticed Erolcha
 14207 | D:10     | Noticed Josephine
 14219 | D:9      | Killed Josephine
 14438 | D:10     | Killed a two-headed ogre
 14584 | D:10     | Reached skill level 14 in Air Magic
 14590 | D:10     | HP: 1/96 [yak (10)]
 14591 | D:10     | Mangled by Erolcha

Illustrated notes

Levels and vault maps discovered:
D:1:      scummos_arrival_gate, layout_loops_ring,
          chequers_ecumenical_altar_twisty
D:2:      layout_basic, serial_shops, shop, serial_glass, glass_columns_a,
          glass_columns_c, glass_columns_b, glass_columns_a
D:3:      layout_basic, nicolae_wu_jian_wuxing_cycle, lightli_sewer_entry_pipes,
          chequers_decorated_corner
D:4:      layout_basic, uniq_edmund
D:5:      layout_rooms, marbit_many_paths, minmay_temple_entry_enclosed_plants,
          uniq_grinder, uniq_ijyb, uniq_crazy_yiuf_cottage
D:6:      layout_basic, lemuel_round_altar, nicolae_overflow_hidden_temple,
          minivault_14, chequers_arboretum
D:7:      layout_cave_pools, ebering_ghost_reflecting_pool,
          hellmonk_bongcloud_opening
D:8:      layout_basic, grunt_temple_overflow_order_and_chaos_1,
          riverfiend_overflow_shadow_ancestor
D:9:      layout_loops_ring, jmf_multi_god_temple, uniq_maurice, uniq_maggie
D:10:     layout_rooms, minivault_16, uniq_sonja, uniq_erolcha, uniq_josephine

Skill      XL: |  1  2  3  4  5  6  7  8  9 10 11 |
---------------+----------------------------------+-----
Conjurations   | 2 3 4 5 6 7 8 |  8.7
Air Magic      | 5 6 7 9 11 12 14 | 14.0
Fighting       | 1 2 3 4 5 |  5.3
Spellcasting   | 3 4 6 7 9 10 | 10.7
Invocations    | 1 2 3 |  3.5
Short Blades   | |  0.1
Axes           | |  0.6
Dodging        | |  2.8
Stealth        | |  2.7
Evocations     | |  0.2

Action                   |  1- 3 |  4- 6 |  7- 9 | 10-12 || total
-------------------------+-------+-------+-------+-------++-------
Melee: Short sword       |    43 |     4 |       |       ||    47
       Peck              |     9 |     2 |       |       ||    11
       Kick              |     4 |     3 |       |     5 ||    12
       Hand axe          |       |     7 |     5 |       ||    12
       Lajatang          |       |       |       |     9 ||     9
 Cast: Shock             |    63 |    87 |    30 |     4 ||   184
       Static Discharge  |     3 |    18 |     5 |    13 ||    39
       Airstrike         |       |       |   116 |    99 ||   215
       Lightning Bolt    |       |       |       |    20 ||    20
Invok: Channel Magic     |       |       |       |     8 ||     8
Evoke: Wand              |       |       |       |     3 ||     3
  Use: Scroll            |     3 |       |     2 |    12 ||    17
       Potion            |       |       |     1 |     4 ||     5
Armor: Robe              |     7 |     1 |     2 |     5 ||    15
       Steam dragon scal |       |       |       |    12 ||    12
Dodge: Dodged            |    33 |    20 |    11 |    61 ||   125

Table legend: (Time is in decaauts)
 A = Elapsed time spent in this place.
 B = Non-inter-level travel time spent in this place.
 C = Inter-level travel time spent in this place.
 D = Time resting spent in this place.
 E = Time spent auto-exploring this place.
 F = Levels seen in this place.
 G = Mean time per level.
                   A        B        C        D        E       F      G
               +--------+--------+--------+--------+--------+-----+--------+
         Total |  14187 |  13765 |    422 |   3140 |   9451 |  11 | 1289.7 |
       Dungeon |  13421 |  12999 |    422 |   3064 |   8849 |  10 | 1342.1 |
         Sewer |    765 |    765 |      0 |     76 |    601 |   1 |  765.0 |
               +--------+--------+--------+--------+--------+-----+--------+

Top non-repeatable levels by time:
     D:6: 1820 daAuts
     D:8: 1748 daAuts
     D:9: 1530 daAuts
     D:1: 1462 daAuts
     D:4: 1369 daAuts
     D:5: 1334 daAuts
     D:3: 1298 daAuts
     D:7: 1263 daAuts
     D:2: 1102 daAuts
   Sewer: 765 daAuts
    D:10: 491 daAuts
